 Dungeon Crawl Stone Soup version 0.21.1-1-g345015fe64 (webtiles) character file.

2123 NullDivider the Sneak (level 9, -1/47 HPs)
             Began as a Spriggan Artificer on June 5, 2018.
             Was an Initiate of Gozag.
             Slain by a hippogriff (5 damage)
             ... on level 7 of the Dungeon.
             The game lasted 00:36:00 (11512 turns).

NullDivider the Sneak (Spriggan Artificer)         Turns: 11512, Time: 00:36:02

Health: -1/47      AC:  3    Str:  8    XL:     9   Next: 8%
Magic:  15/15      EV: 23    Int: 13    God:    Gozag
Gold:   377        SH:  0    Dex: 19    Spells: 8/8 levels left

rFire    . . .     SeeInvis +   B - +1 short sword (protect)
rCold    . . .     Gourm    .   (shield restricted)
rNeg     . . .     Faith    .   C - +1 robe {Archmagi}
rPois    +         Spirit   .   (helmet restricted)
rElec    .         Reflect  .   (no cloak)
rCorr    +         Harm     .   (gloves unavailable)
MR       +....                  (boots unavailable)
Stlth    ++++......             (no amulet)
HPRegen  0.15/turn              n - ring of poison resistance
MPRegen  0.14/turn              z - ring of resist corrosion

@: gold aura, very quick
A: very small, unfitting armour, see invisible, herbivore, speed 3, slow
metabolism 2
a: Potion Petition, Call Merchant, Bribe Branch, Renounce Religion


You were on level 7 of the Dungeon.
You worshipped Gozag.
Gozag was aware of your devotion.
You were very hungry.

You visited 2 branches of the dungeon, and saw 8 of its levels.

You collected 430 gold pieces.
You paid 53 gold pieces to Gozag.

Inventory:

Hand Weapons
 k - a +1 scimitar of holy wrath
 y - a +0 shortbow
 B - a +1 short sword of protection (weapon)
 D - a +0 dagger of venom
Missiles
 g - 84 arrows
 h - 398 stones (quivered)
 r - 27 sling bullets
Armour
 C - a +1 robe of the Archmagi (worn)
Jewellery
 e - an uncursed ring of fire
 n - a ring of poison resistance (left hand)
 p - an uncursed ring of wizardry
 z - a ring of resist corrosion (right hand)
Wands
 c - a wand of digging (6)
 d - a wand of enslavement (2)
 w - a wand of acid (3)
 A - a wand of random effects (9)
Scrolls
 a - a scroll of enchant weapon {unknown}
 i - a scroll of random uselessness {unknown}
 l - 3 scrolls of enchant armour
 o - 3 scrolls of amnesia
 q - 3 scrolls of remove curse
 s - a scroll of magic mapping {unknown}
 t - 2 scrolls of blinking {unknown}
 u - 2 scrolls of teleportation
 E - a scroll of acquirement {unknown}
Potions
 b - 2 potions of lignification {unknown}
 j - a potion of berserk rage {unknown}
 m - 3 potions of curing
 v - 2 potions of flight {unknown}
 x - a potion of mutation {unknown}
Comestibles
 f - 12 rations


   Skills:
 * Level 5.3 Fighting
 * Level 7.0 Short Blades
 + Level 7.1 Dodging
 + Level 7.1 Stealth
 + Level 7.1 Evocations


You had 8 spell levels left.
You didn't know any spells.

Dungeon Overview and Level Annotations

Branches:
Dungeon (7/15)             Temple (1/1) D:5

Altars:
Gozag
Kikubaaqudgha
Qazlal
Ru
Sif Muna
Trog
Uskayaw

Shops:
D:7 [

Annotations:
D:6 Crazy Yiuf


Innate Abilities, Weirdness & Mutations

You are very small and have problems with some larger weapons.
You are too small for most types of armour.
You have supernaturally acute eyesight. (SInv)
You are a herbivore.
You cover ground extremely quickly.
You need consume almost no food.


Message History

Press: ? - help, Shift-Dir - straight line, f/p - hippogriff
Aim: a hippogriff (lightly wounded)
You throw a stone.
The stone closely misses the hippogriff.
Throwing (i - inventory):
h - 400 stones (quivered)
Press: ? - help, Shift-Dir - straight line, f/p - hippogriff
Aim: a hippogriff (lightly wounded)
You throw a stone.
The stone hits the hippogriff but does no damage.
The hippogriff is lightly wounded.
Throwing (i - inventory):
h - 399 stones (quivered)
Press: ? - help, Shift-Dir - straight line, f/p - hippogriff
Aim: a hippogriff (lightly wounded)
You throw a stone.
The stone closely misses the hippogriff.
The hippogriff bites you!
* * * LOW HITPOINT WARNING * * *
The hippogriff misses you. The hippogriff claws you.
You die...
Your body crumbles into a pile of gold.

.##.# #.#.#..#
#.####....### .##.#
#.#.#.## #.# #.#.##
....####.#.#.### #.#
#%#.#
....#.......>..###.#
#(..#
.......#.).........#
#.∩.#
.####..###.#.###.###
#...# .# #..# #.#.#
#.# #.#.# .# #..#
#.#.# #.# #.#.#
.####..###.#.#
#@######...#
...........#.#
#.H(...(..(#
.......#####.#
############
.#.###.#####.#
.#...........#
.#####[#####.#
.#####.# #.#
.......# #.^......
.#####.# #########


You could see a hippogriff.

Vanquished Creatures
  Grinder (D:3)
  Eustachio (D:4)
  Blork the orc (D:6)
  Menkaure (D:5)
  Duvessa (D:5)
  An ice beast (D:4)
  An orc warrior (D:6)
  A sky beast (D:3)
  A phantom (D:5)
  A black bear (D:7)
  2 ogres
  2 centaurs
  2 bullfrogs
  A scorpion (D:4)
  A crimson imp (D:6)
  A hound (D:3)
  2 jellies
  A bullfrog skeleton (D:6)
  An iguana (D:6)
  2 worker ants (D:4)
  An orc wizard (D:6)
  5 gnolls
  7 adders
  2 oozes
  3 worms
  6 dart slugs
  5 leopard geckos
  12 orcs
  2 ball pythons
  13 giant cockroaches
  12 goblins
  6 hobgoblins
  6 jackals
  4 quokkas
  8 bats
  2 frilled lizards
  5 kobolds
  A leopard gecko skeleton (D:5)
  A quokka skeleton (D:5)
  7 rats
133 creatures vanquished.

Vanquished Creatures (collateral kills)
  Sigmund (D:3)
  Dowan (D:5)
  An orc wizard (D:6)
  2 gnolls (D:4)
  A worm (D:3)
  2 orcs (D:6)
  3 hobgoblins (D:3)
  3 jackals
  A quokka (D:3)
  A kobold (D:3)
16 creatures vanquished.

Vanquished Creatures (others)
  An ogre (D:4)
  Terence (D:3)
2 creatures vanquished.

Grand Total: 151 creatures vanquished

Notes
Turn   | Place    | Note
-------+----------+-------------------------------------------
     0 | D:1      | NullDivider the Spriggan Artificer began the quest for the Orb.
     0 | D:1      | Reached XP level 1. HP: 9/9 MP: 4/4
   373 | D:1      | Reached skill level 1 in Fighting
   593 | D:1      | Reached XP level 2. HP: 5/14 MP: 6/6
  1325 | D:1      | Reached XP level 3. HP: 17/18 MP: 7/7
  1731 | D:2      | Found a stormy altar of Qazlal.
  2640 | D:2      | Reached XP level 4. HP: 11/23 MP: 8/8
  3163 | D:2      | Found a hide-covered altar of Uskayaw.
  3943 | D:3      | Noticed Terence
  3948 | D:3      | Noticed Grinder
  3991 | D:3      | Your ally died
  4234 | D:3      | Reached XP level 5. HP: 26/26 MP: 9/9
  4247 | D:3      | Noticed a sky beast
  4255 | D:3      | Killed a sky beast
  4739 | D:3      | Noticed Sigmund
  4756 | D:3      | HP: 1/27 [Grinder (1)]
  4778 | D:3      | Paralysed by Grinder for 5 turns
  4790 | D:3      | Killed Sigmund
  4790 | D:3      | Reached XP level 6. HP: 5/32 MP: 10/10
  5144 | D:3      | Killed Grinder
  5144 | D:3      | Reached skill level 5 in Evocations
  5781 | D:3      | Reached XP level 7. HP: 27/36 MP: 11/11
  6204 | D:4      | Reached skill level 5 in Dodging
  7063 | D:4      | Reached skill level 5 in Stealth
  7647 | D:4      | Noticed Eustachio
  7870 | D:4      | Killed Eustachio
  7870 | D:4      | Reached skill level 5 in Short Blades
  8050 | D:5      | Entered Level 5 of the Dungeon
  8448 | D:5      | Noticed Menkaure
  8450 | D:5      | Killed Menkaure
  8450 | D:5      | Reached XP level 8. HP: 42/42 MP: 13/13
  8468 | D:5      | Noticed Duvessa
  8477 | D:5      | Noticed Dowan
  8503 | D:5      | Killed Dowan
  8557 | D:5      | Killed Duvessa
  9449 | D:5      | Found a bloodstained altar of Trog.
  9666 | D:5      | Found a staircase to the Ecumenical Temple.
  9823 | Temple   | Entered the Ecumenical Temple
  9828 | Temple   | Became a worshipper of Gozag Ym Sagoz the Greedy
  9994 | D:6      | Noticed Blork the orc
 10035 | D:6      | Killed Blork the orc
 10621 | D:6      | Found a sacrificial altar of Ru.
 10819 | D:6      | Reached skill level 5 in Fighting
 11201 | D:6      | Found a runed door.
 11205 | D:6      | Noticed Crazy Yiuf
 11370 | D:6      | Found an ancient bone altar of Kikubaaqudgha.
 11370 | D:6      | Found a deep blue altar of Sif Muna.
 11397 | D:7      | Reached XP level 9. HP: 47/47 MP: 15/15
 11480 | D:7      | Found Xausiytt's Armour Boutique.
 11512 | D:7      | Slain by a hippogriff

Skill      XL: |  1  2  3  4  5  6  7  8  9 |
---------------+----------------------------+-----
Fighting       | 1 2 3 4 5 |  5.3
Stealth        | 2 3 4 5 7 |  7.1
Short Blades   | 2 3 4 5 6 7 |  7.0
Dodging        | 4 5 7 |  7.1
Evocations     | 5 6 7 |  7.1

Action                   |  1- 3 |  4- 6 |  7- 9 || total
-------------------------+-------+-------+-------++-------
Melee: Short sword       |   146 |   210 |   488 ||   844
       Dagger            |       |       |     4 ||     4
Throw: Stone             |       |       |    30 ||    30
Evoke: Wand              |     5 |    19 |    32 ||    56
  Use: Scroll            |       |       |     5 ||     5
 Stab: Sleeping          |     8 |     3 |     8 ||    19
       Distracted        |     1 |       |     2 ||     3
       Paralysed         |       |       |     1 ||     1
  Eat: Ration            |       |     1 |     3 ||     4
Armor: Robe              |     5 |    17 |    45 ||    67
Dodge: Dodged            |   107 |   195 |   431 ||   733
